AoeStats
← Sigi

Arabia

508170195Analyzed
1v1 RM · 9d ago on Sep 21, 2026· 40m 9s· 2 players
Game mode
Random Map
Map size
Tiny (2 player)
Population
200
Speed
Normal
Resources
Standard
Victory
Conquest
Starting age
Dark Age
Ending age
Imperial Age
RankedLock teamsTeams togetherTeam positionsShared explorationLock speedFull tech treeHidden civsTurbo modeCheats
Victory
Defeat
🇲🇽 Bohemians · Mexico
1554
+12
🇲🇽 Mongols · Mexico
1457
-12
TheAlex
6:02 Loom
8:37 Feudal Age
9:26 Double-Bit Axe
15:07 Fletching
20:32 Castle Age
19:33 Scale Barding Armor
20:19 Bloodlines
23:53 Chain Barding Armor
26:52 Husbandry
26:42 Town Watch
30:35 Wheelbarrow
29:56 Horse Collar
33:44 Forging
37:48 Bodkin Arrow
38:17 Padded Archer Armor
42:48 Imperial Age
Sigi
4:46 Loom
10:50 Feudal Age
11:20 Double-Bit Axe
16:17 Fletching
17:23 Padded Archer Armor
24:53 Castle Age
24:02 Horse Collar
24:55 Crossbowman
25:33 Bodkin Arrow
28:03 Chemistry
30:04 Ballistics
35:29 Wheelbarrow
39:58 Imperial Age
38:28 Hand Cart
38:16 Heavy Plow
38:30 Bow Saw
40:28 Leather Archer Armor
Connection lost

Rejoining the realm…

Still unreachable

The connection could not be restored.

Session expired

The server has moved on; the page needs a fresh start.